 Dungeon Crawl Stone Soup version 0.28-a0-1447-ga5a8893891 (webtiles) character file.

Game seed: 6754448493510767404

207 oldriver the Skirmisher (level 5, -3/54 HPs)
             Began as a Troll Chaos Knight on Jan 10, 2022.
             Was a Plaything of Xom.
             Slain by a wolf (12 damage)
             ... on level 3 of the Dungeon.
             The game lasted 00:03:15 (2395 turns).

oldriver the Skirmisher (Troll Chaos Knight)        Turns: 2395, Time: 00:03:15

Health: -3/54      AC:  6    Str: 20    XL:     5   Next: 54%
Magic:  0/4        EV: 10    Int:  8    God:    Xom [....*.]
Gold:   230        SH:  0    Dex:  9    Spells: 4/4 levels left

rFire   . . .      SeeInvis .   a - +0 mace (chaos)
rCold   . . .      Faith    .   (no shield)
rNeg    . . .      Spirit   +   b - +2 robe
rPois   .          Reflect  .   (helmet restricted)
rElec   .          Harm     .   (no cloak)
rCorr   .          Rampage  .   (gloves unavailable)
Will    .....                   (boots unavailable)
Stlth   +.........              h - amulet of guardian spirit
HPRegen 0.98/turn               (no ring)
MPRegen 0.09/turn               (no ring)

@: unable to read
A: large, unfitting armour, claws 3, regeneration 1, shaggy fur 1, tough skin 1,
weak 1, inability to read while threatened, MP-powered wands
a: Renounce Religion


You were on level 3 of the Dungeon.
You worshipped Xom.
You were a beloved toy of Xom.
You visited 1 branch of the dungeon, and saw 4 of its levels.

You collected 230 gold pieces.

Inventory:

Hand Weapons
 a - a +0 mace of chaos (weapon)
Missiles
 c - 6 silver boomerangs (quivered)
Armour
 b - a +2 robe (worn)
 l - a +0 pair of gloves
Jewellery
 h - an amulet of guardian spirit (around neck)
 i - a +4 ring of evasion
Scrolls
 d - 3 scrolls of fog {unknown}
 e - a scroll of torment {unknown}
 f - 3 scrolls of identify {unknown}
 g - 3 scrolls of teleportation {unknown}
 k - a scroll of amnesia {unknown}
Potions
 j - 2 potions of curing {unknown}
 m - a potion of heal wounds {unknown}


   Skills:
 + Level 4.0 Fighting
 - Level 2.6 Maces & Flails
 + Level 3.7 Dodging


You had 4 spell levels left.
You didn't know any spells.
Your spell library contained the following spells:

 Spells                   Type           Power      Damage    Failure   Level
 Inner Flame              Hex/Fire       0%         N/A       78%         3
 Cause Fear               Hex            0%         N/A       99%         4
 Discord                  Hex            0%         N/A       100%        8


Dungeon Overview and Level Annotations

Branches:
Dungeon (4/15)             Temple (0/1) D:4

Altars:
Ashenzari
Uskayaw


Innate Abilities, Weirdness & Mutations

You are too large for most types of armour.
You have claws for hands.
Your natural rate of healing is unusually fast.
You are covered in fur. (AC +1)
You have tough skin. (AC +1)
You are weak. (Str -2)
You sometimes lose the ability to read scrolls when taking damage.
You expend magic power (3 MP) to strengthen your wands.


Message History

You feel threatened and lose the ability to read scrolls!
You climb upwards.
There is a stone staircase leading down here.
You hit the wolf but do no damage. Lightning courses through the wolf!
The wolf is heavily wounded.
You can read scrolls again.
The wolf bites you!
You feel threatened and lose the ability to read scrolls!
The wolf closely misses you.
You hit the wolf. Your claw misses the wolf.
The wolf is severely wounded.
The wolf closely misses you. The wolf barely misses you.
You hit the wolf.
The wolf goes berserk!
The wolf is severely wounded.
The wolf barely misses you. The wolf bites you! The wolf closely misses you.
The wolf misses you.
You barely miss the wolf. You claw the wolf, but do no damage.
The wolf is severely wounded.
The wolf closely misses you. The wolf bites you but does no damage.
The wolf bites you.
You hit the wolf.
The wolf seems to speed up.
Xom is highly amused!
The wolf is almost dead.
The wolf barely misses you. x2; The wolf bites you but does no damage.
You hit the wolf. You burn the wolf.
The wolf is almost dead.
The wolf bites you. The wolf bites you!
* * * LOW HITPOINT WARNING * * *
The wolf bites you.
* * * LOW HITPOINT WARNING * * *
Unknown command.
You barely miss the wolf.
The wolf is almost dead.
The wolf barely misses you. The wolf bites you.
* * * LOW HITPOINT WARNING * * *
The wolf bites you but does no damage.
You miss the wolf.
The wolf is almost dead.
The wolf bites you!
You die...

########### #
#....[....# #
#.##.##.#.# #
#.##....#.###########
#.##.##..............
#.##......###########
#.......### #
####h#### #########
#@# #........ #.####
#.###....
#....#####.#####_#
######.#.....###....
#......#............
#.######..........#.
#.# #......##.... #.#
#.....)...... #.#
#########.#..


You could see a wolf (berserk, fast).

Vanquished Creatures
  An orc priest (D:3)
  An orc wizard (D:3)
  2 hound skeletons
  6 adders
  An ufetubus (D:3)
  A worm (D:2)
  9 orcs (D:3)
  5 ball pythons
  2 bats
  5 endoplasms
  5 giant cockroaches
  4 goblins
  8 hobgoblins
  A quokka (D:3)
  4 frilled lizards
  A kobold (D:3)
  3 rats
59 creatures vanquished.

Notes
Turn   | Place    | Note
-------+----------+-------------------------------------------
     0 | D:1      | oldriver the Troll Chaos Knight began the quest for the
                  | Orb.
     0 | D:1      | Reached XP level 1. HP: 22/22 MP: 0/0
    82 | D:1      | XOM: silly message
   181 | D:1      | Reached XP level 2. HP: 29/29 MP: 1/1
   441 | D:1      | XOM: silly message
   651 | D:2      | Found a hide-covered altar of Uskayaw.
   693 | D:2      | XOM: 1-stop teleportation journey
   724 | D:2      | Reached skill level 3 in Fighting
   796 | D:2      | XOM: summons 4 hostile shadow creatures
   844 | D:2      | Reached XP level 3. HP: 26/37 MP: 2/2
  1057 | D:2      | XOM: give mutations
  1057 | D:2      | Gained mutation: You sometimes lose the ability to read
                  | scrolls when taking damage. [Xom's mischief]
  1057 | D:2      | Gained mutation: You are weak. (Str -2) [Xom's mischief]
  1057 | D:2      | Gained mutation: You are clumsy. (Dex -2) [Xom's mischief]
  1057 | D:2      | Gained mutation: You expend magic power (3 MP) to
                  | strengthen your wands. [Xom's mischief]
  1090 | D:2      | XOM: give mutation
  1090 | D:2      | Lost mutation: You are clumsy. (Dex -2) [Xom's mischief]
  1154 | D:2      | XOM: 2-stop teleportation journey
  1182 | D:2      | XOM: scenery: 1 doors open
  1537 | D:4      | Reached XP level 4. HP: 44/45 MP: 1/3
  1546 | D:4      | Found a staircase to the Ecumenical Temple.
  1594 | D:4      | Noticed a phantom
  1645 | D:3      | XOM: god gift: shiny ring mail {god gift}
  1746 | D:3      | Found a broken altar of Ashenzari.
  1943 | D:3      | XOM: silly message
  2124 | D:3      | Reached XP level 5. HP: 54/54 MP: 4/4
  2160 | D:3      | Found a faded altar of an unknown god.
  2200 | D:3      | XOM: scenery: summon butterflies
  2219 | D:3      | Reached skill level 4 in Fighting
  2384 | D:4      | Noticed a wolf
  2384 | D:4      | an iguana changed into a wolf
  2384 | D:4      | XOM: polymorph iguana -> wolf
  2395 | D:3      | Slain by a wolf

Illustrated notes

Levels and vault maps discovered:
D:1:      lemuel_arrival_funnel, layout_loops_ring, skrybe_limestone_x
D:2:      layout_basic, serial_glass, glass_columns_b, glass_columns_b,
          glass_columns_b, basic_altar
D:3:      layout_loops_cross, cheibrodos_ashenzari_chains,
          shapermc_ecumenical_altar_hornbeckon, mrwooster_statue_mirror,
          minmay_close_crescents
D:4:      kennysheep_the_goblin_king, layout_basic,
          nicolae_dithmenos_the_darkroom, mainiacjoe_overflow_six_doors_small,
          temple_fountains

Skill      XL: |  1  2  3  4  5 |
---------------+----------------+-----
Dodging        | 2 3 |  3.7
Fighting       | 3 4 |  4.0
Maces & Flails | |  2.6

Action                   |  1- 3 |  4- 6 || total
-------------------------+-------+-------++-------
Melee: Mace              |   130 |   102 ||   232
       Punch             |     2 |     2 ||     4
 Stab: Petrifying        |     1 |       ||     1
Armor: Robe              |    79 |    50 ||   129
Dodge: Dodged            |    83 |    66 ||   149

Table legend: (Time is in decaauts)
 A = Elapsed time spent in this place.
 B = Non-inter-level travel time spent in this place.
 C = Inter-level travel time spent in this place.
 D = Time resting spent in this place.
 E = Time spent auto-exploring this place.
 F = Levels seen in this place.
 G = Mean time per level.
                   A        B        C        D        E       F      G
               +--------+--------+--------+--------+--------+-----+--------+
         Total |   2460 |   2349 |    111 |    128 |   1534 |   4 |  615.0 |
       Dungeon |   2460 |   2349 |    111 |    128 |   1534 |   4 |  615.0 |
               +--------+--------+--------+--------+--------+-----+--------+

Top non-repeatable levels by time:
     D:2: 858 daAuts
     D:3: 837 daAuts
     D:1: 664 daAuts
     D:4: 99 daAuts
